AoeStats
← Winning here (!)

Hill Fort

504221241Analyzed
2v2 RM · 29d ago on Sep 4, 2026· 60m 22s· 4 players
Game mode
Random Map
Map size
Medium (4 player)
Population
200
Speed
Normal
Resources
Standard
Victory
Conquest
Starting age
Dark Age
Ending age
Imperial Age
RankedLock teamsTeams togetherTeam positionsShared explorationLock speedFull tech treeHidden civsTurbo modeCheats
Victory
Defeat
🇧🇷 Bulgarians · Brazil
757
+28
🇧🇷 Khmer · Brazil
723
+21
🇹🇷 Khmer · Türkiye
756
-17
🇬🇧 Bohemians · United Kingdom
674
-13
Soler
8:25 Loom
10:33 Feudal Age
10:56 Horse Collar
12:03 Wheelbarrow
12:07 Double-Bit Axe
13:36 Town Watch
15:04 Gold Mining
15:19 Stone Mining
19:27 Castle Age
21:19 Heavy Plow
22:59 Hand Cart
30:27 Imperial Age
29:56 Gold Shaft Mining
31:43 Conscription
31:43 Double Crossbow
32:03 Heavy Scorpion
36:28 Siege Engineers
41:30 Bow Saw
59:12 Spies/Treason
lumorgoth
3:07 Loom
13:02 Feudal Age
15:12 Wheelbarrow
15:37 Arson
15:42 Horse Collar
18:28 Double-Bit Axe
18:36 Gold Mining
18:56 Stone Mining
33:10 Castle Age
35:12 Hand Cart
38:00 Gambesons
38:17 Squires
39:06 Bloodlines
38:56 Husbandry
42:23 Scale Barding Armor
42:28 Forging
47:24 Chain Barding Armor
47:40 Iron Casting
50:10 Imperial Age
49:46 Elite Skirmisher
52:02 Heavy Plow
53:24 Elite Konnik
54:45 Plate Barding Armor
55:11 Blast Furnace
58:00 Stirrups
Winning here (!)
11:37 Feudal Age
12:27 Double-Bit Axe
12:26 Horse Collar
14:49 Wheelbarrow
20:23 Castle Age
18:18 Fletching
19:55 Padded Archer Armor
19:57 Scale Mail Armor
20:07 Forging
20:06 Loom
21:39 Bow Saw
21:03 Crossbowman
22:32 Bodkin Arrow
23:10 Heavy Plow
24:51 Leather Archer Armor
24:53 Chain Mail Armor
24:02 Pikeman
27:43 Hand Cart
34:03 Imperial Age
36:05 Bracer
36:36 Ring Archer Armor
38:06 Chemistry
37:28 Ballistics
37:20 Masonry
37:16 Siege Engineers
39:57 Masonry
39:28 Treadmill Crane
58:06 Atonement
Kostuklu/E/
11:34 Feudal Age
12:27 Double-Bit Axe
14:23 Wheelbarrow
20:46 Bloodlines
21:45 Man-at-Arms
Connection lost

Rejoining the realm…

Still unreachable

The connection could not be restored.

Session expired

The server has moved on; the page needs a fresh start.